 Dungeon Crawl Stone Soup version 0.31-a0-267-g3fc6992b3b (webtiles) character file.

Game seed: 11618452741469848012

91 qw the Shooter (level 4, -2/36 HPs)
             Began as a Minotaur Hexslinger on July 13, 2023.
             Slain by an orc
             ... wielding a +0 trident
              (3 damage)
             ... on level 2 of the Dungeon.
             The game lasted 00:00:41 (1630 turns).

qw the Shooter (Minotaur Hexslinger)                Turns: 1630, Time: 00:00:42

Health: -2/36      AC:  6    Str:  9    XL:     4   Next: 33%
Magic:  4/4        EV: 10    Int: 10    God:
Gold:   83         SH:  0    Dex: 19    Spells: 4/5 levels left

rFire   . . .        Y - +2 sling (drain)
rCold   + + +        (no shield)
rNeg    . . .        j - +0 ring mail
rPois   .            c - +1 hat of Azo Usch {rC+++ Str-4 Dex+5}
rElec   .            (no cloak)
rCorr   .            (no gloves)
SInv    +            (no boots)
Will    .....        (no amulet) Stlth
                     g - ring of see invisible
HPRegen 0.26/turn    (no ring)
MPRegen 0.09/turn

%: no passive effects
@: confused
A: horns 2, retaliatory headbutt
a: no special abilities


You were on level 2 of the Dungeon.
You visited 1 branch of the dungeon, and saw 2 of its levels.

You collected 83 gold pieces.


Innate Abilities, Weirdness & Mutations

You have a pair of horns on your head.
You reflexively headbutt those who attack you in melee.


   Skills:
 - Level 2.0 Fighting
 + Level 4.7 Ranged Weapons
 - Level 1.0 Armour
 - Level 2.1 Dodging
 - Level 1.0 Spellcasting
 - Level 2.0 Hexes


You had 4 spell levels left.
You knew the following spells:

 Your Spells              Type           Power      Damage    Failure   Level
a - Slow                  Hex            16%        N/A       38%         1

Your spell library contained the following spells:

 Spells                   Type           Power      Damage    Failure   Level
 Inner Flame              Hex/Fire       2%         N/A       88%         3
 Portal Projectile        Hex/Tloc       4%         N/A       88%         3
 Cause Fear               Hex            2%         N/A       99%         4

Inventory:

Hand Weapons
 Y - a +2 sling of draining (weapon)
Armour
 c - the +1 hat of Azo Usch (worn) {rC+++ Str-4 Dex+5}
   (You acquired it on level 1 of the Dungeon)

   Str:       It affects your strength (-4).
   Dex:       It affects your dexterity (+5).
   rC:        It renders you almost immune to cold.
 j - a +0 ring mail (worn)
Jewellery
 g - a ring of see invisible (left hand)
Scrolls
 a - 2 scrolls of teleportation
Potions
 b - 2 potions of enlightenment
 d - a potion of lignification {unknown}
 e - a potion of attraction {unknown}
 f - a potion of invisibility {unknown}
 h - a potion of degeneration {unknown}
 m - a potion of heal wounds {unknown}

Dungeon Overview and Level Annotations

Branches:
Dungeon (2/15)

Altars:


Message History

Enter note:
1619 ||| Stepping ~*~*~tactically~*~*~ (outnumbered).
You shoot a sling bullet. The sling bullet hits the orc priest!
You drain the orc priest.
The orc priest is almost dead.
You shoot a sling bullet.
The sling bullet closely misses the orc priest.
The orc barely misses you. x2
The orc priest calls down the wrath of Beogh upon you.
Pain shoots through your body!
You shoot a sling bullet. The sling bullet hits the orc priest.
You drain the orc priest.
You kill the orc priest!
The orc hits you from afar with a +0 trident.
You have reached level 4!
You feel stronger.
You shoot a sling bullet. The sling bullet hits the orc.
The orc is almost dead.
The orc closely misses you.
You shoot a sling bullet.
The sling bullet closely misses the orc.
The sling bullet completely misses the orc.
The orc misses you. The orc wizard closely misses you.
The orc barely misses you.
You shoot a sling bullet. The sling bullet hits the orc wizard.
The orc wizard is moderately wounded.
The orc wizard gestures at you while chanting.
You are confused.
The orc closely misses you.
The orc wizard hits you with a +0 dagger of holy wrath.
The orc barely misses you.
The orc wizard hits you but does no damage.
The orc hits you but does no damage.
The orc wizard gestures at you while chanting.
The magic dart hits you!
The orc hits you from afar with a +0 trident.
The orc wizard hits you but does no damage.
The orc hits you from afar with a +0 trident!
The orc wizard hits you with a +0 dagger of holy wrath.
The orc hits you from afar with a +0 trident.
You die...

...............##.#.#
####..#####.#.###.##.#.#
.....#####.#..#..##.#.#
...........#.#)###.#.#
.........(#.#.#......
#..####...#.#.###.#.#
#.. #.....#.#.#......
#..####...#|#.#...##.
#.oo@....##.#..##.##.
#.o####.###.##.##.##.
#.. #.# #.##.##.##. #..
#.# #.##.##.##. #.o #.#
####....... #.o #.#
####.### #.. #.# #.# ###
.#


You could see an orc wizard and 2 orcs.

Vanquished Creatures
  An orc priest (D:2)
  A gnoll (D:1)
  A worm (D:2)
  3 dart slugs (D:1)
  6 ball pythons
  3 endoplasms
  2 giant cockroaches (D:2)
  2 goblins
  4 hobgoblins
  2 quokkas
  3 bats
  2 frilled lizards (D:1)
  8 kobolds
  2 rats (D:1)
40 creatures vanquished.

Notes
Turn   | Place    | Note
-------+----------+-------------------------------------------
     0 | D:1      | qw the Minotaur Hexslinger began the quest for the Orb.
     0 | D:1      | Reached XP level 1. HP: 16/16 MP: 1/1
     0 | D:1      | 0 ||| qw: Version: 0.3-a-52-g30416fa
     0 | D:1      | 0 ||| qw: Game counter: 7667
     0 | D:1      | 0 ||| qw: Melee chars always use a shield: true
     0 | D:1      | 0 ||| qw: God list: Okawaru
     0 | D:1      | 0 ||| qw: Allow faded altars: false
     0 | D:1      | 0 ||| qw: Do Orc after clearing Dungeon:15 true
     0 | D:1      | 0 ||| qw: Do second Lair branch before Depths: true
     0 | D:1      | 0 ||| qw: Lair rune preference: random
     0 | D:1      | 0 ||| qw: Goals: Normal
     0 | D:1      | 0 ||| PLANNING D:1-11
    38 | D:1      | 38 ||| FLEEEEING.
   119 | D:1      | Reached skill level 3 in Ranged Weapons
   121 | D:1      | Reached XP level 2. HP: 23/23 MP: 2/2
   456 | D:1      | Reached XP level 3. HP: 29/29 MP: 3/3
   767 | D:1      | 767 ||| UPGRADING to +0 leather armour.
   777 | D:1      | 777 ||| DROPPING +0 robe.
   778 | D:1      | 778 ||| UPGRADING to +0 ring mail.
   788 | D:1      | 788 ||| DROPPING +0 leather armour.
   789 | D:1      | 789 ||| UPGRADING to ring of see invisible.
   790 | D:1      | 790 ||| READING 3 scrolls labelled ZAMYR YCISHO.
   793 | D:1      | 793 ||| READING scroll labelled UWAL AHECZAEGUI.
   794 | D:1      | 794 ||| READING 2 scrolls labelled MIRPHA RADALOQI.
   795 | D:1      | 795 ||| READING scroll labelled IZAPTURPHIMA.
   796 | D:1      | 796 ||| READING scroll labelled IRAHOE RUKEG.
   797 | D:1      | 797 ||| READING scroll labelled WOINEP BUSEFI.
   797 | D:1      | Identified a scroll of acquirement
   797 | D:1      | 797 ||| ACQUIRING +1 hat of Azo Usch {rC+++ Str-4 Dex+5}
   797 | D:1      | Acquired the +1 hat of Azo Usch {rC+++ Str-4 Dex+5}
   799 | D:1      | 799 ||| UPGRADING to +1 hat of Azo Usch {rC+++ Str-4
                  | Dex+5}.
   804 | D:1      | 804 ||| DRINKING 2 murky black potions.
   812 | D:1      | 812 ||| DROPPING scroll of poison.
   813 | D:1      | 813 ||| DROPPING scroll of amnesia.
   814 | D:1      | 814 ||| DROPPING potion of ambrosia.
   972 | D:2      | Reached skill level 4 in Ranged Weapons
  1125 | D:2      | 1125 ||| READING scroll labelled INNIDIE MEIMIU.
  1128 | D:2      | 1128 ||| DRINKING 3 blue potions.
  1132 | D:2      | Reached skill level 1 in Armour
  1619 | D:2      | 1619 ||| Stepping ~*~*~tactically~*~*~ (outnumbered).
  1623 | D:2      | Reached XP level 4. HP: 22/36 MP: 4/4
  1629 | D:2      | HP: 4/36 [orc/+0 trident (7)]
  1630 | D:2      | HP: 1/36 [orc wizard/+0 dagger of holy wrath (3)]
  1630 | D:2      | Slain by an orc

Levels and vault maps discovered:
D:1:      dpeg_arrival_rooms_b, layout_basic
D:2:      layout_basic, serial_co_window_serial, co_window_paths_a,
          co_window_paths_b, co_window_paths_a, co_window_of_opportunity_a,
          co_window_cross_1, co_window_paths_a, co_window_of_opportunity_c,
          co_window_corner_cb, co_window_broadway_c, co_window_broadway_b,
          co_window_of_opportunity_c, co_window_corner_cb, glass_columns_a

Skill      XL: |  1  2  3 |
---------------+----------+-----
Ranged Weapons | 3 4 |  4.7
Fighting       | 2 |  2.0
Armour         | 1 |  1.0
Dodging        | |  2.1
Spellcasting   | |  1.0
Hexes          | |  2.0

Action                     |  1- 3 |  4- 6 || total
---------------------------+-------+-------++-------
   Fire: Sling             |   123 |     3 ||   126
    Use: Scroll            |     7 |       ||     7
         Potion            |     2 |       ||     2
 Armour: Robe              |     5 |       ||     5
         Ring mail         |    10 |     3 ||    13
  Dodge: Dodged            |    31 |     6 ||    37

Table legend:
 A = Non-vault XP
 B = Vault XP
 C = Vault XP percentage of total XP
 D = Non-vault monster count
 E = Vault monster count
 F = Vault count percentage of total count
                 A         B        C        D         E       F
            +---------+---------+-------+---------+---------+-------
      Total |     130 |       0 |   0.0 |      40 |       0 |   0.0
            +---------+---------+-------+---------+---------+-------
        D:1 |      57 |       0 |   0.0 |      23 |       0 |   0.0
        D:2 |      73 |       0 |   0.0 |      17 |       0 |   0.0
            +---------+---------+-------+---------+---------+-------
